 Dungeon Crawl Stone Soup version 0.29-a0-284-gf9362112df (webtiles) character file.

Game seed: 760171119441780693

449 sammy202020 the Chopper (level 7, -1/66 HPs)
             Began as a Naga Berserker on Mar 21, 2022.
             Was a Priest of Trog.
             Slain by Pikel
             ... wielding a +0 whip of freezing
              (5 damage)
             ... on level 4 of the Dungeon.
             The game lasted 00:08:29 (3467 turns).

sammy202020 the Chopper (Naga Berserker)            Turns: 3467, Time: 00:08:30

Health: -1/66      AC: 12    Str: 19    XL:     7   Next: 4%
Magic:  7/7        EV:  3    Int:  9    God:    Trog [***...]
Gold:   270        SH:  4    Dex: 11    Spells: 6/6 levels left

rFire   + . .      SeeInvis +   a - +0 hand axe
rCold   + . .      Faith    +   f - +0 buckler
rNeg    . . .      Spirit   .   q - +0 plate armour
rPois   +          Reflect  .   w - +0 helmet
rElec   +          Harm     .   s - +0 cloak {rCorr}
rCorr   +          Rampage  .   x - +0 pair of gloves
Will    .....                   (no barding)
Stlth   ..........              p - amulet of faith
HPRegen 0.21/turn               (no ring)
MPRegen 0.10/turn               (no ring)

@: resistant, on berserk cooldown, slowed, very slow
A: AC +2, large, see invisible, deformed body, poison resistance, slowness 2,
spit poison 1, naga tail 1
a: Spit Poison, Renounce Religion, Berserk, Trog's Hand


You were on level 4 of the Dungeon.
You worshipped Trog.
Trog was most pleased with you.
You visited 1 branch of the dungeon, and saw 4 of its levels.

You collected 270 gold pieces.

Inventory:

Hand Weapons
 a - a +0 hand axe (weapon)
Armour
 f - a +0 buckler (worn)
 q - a +0 plate armour (worn)
 s - a +0 cloak of preservation (worn)
 w - a +0 helmet (worn)
 x - a +0 pair of gloves (worn)
Jewellery
 p - an amulet of faith (around neck)
Wands
 b - a wand of acid (10)
Scrolls
 h - a scroll of noise {unknown}
 i - a scroll of acquirement {unknown}
 n - 3 scrolls of enchant weapon {unknown}
 o - 3 scrolls of teleportation {unknown}
 r - a scroll of amnesia {unknown}
 t - a scroll of fear {unknown}
 u - a scroll of blinking {unknown}
 v - 2 scrolls of identify {unknown}
Potions
 c - a potion of curing
 d - a potion of brilliance
 g - 2 potions of mutation {unknown}
 j - a potion of flight {unknown}
 k - a potion of magic {unknown}
 l - a potion of haste {unknown}
 m - 2 potions of attraction {unknown}


   Skills:
 * Level 4.3 Fighting
 * Level 4.4 Axes
 * Level 3.1 Armour
 + Level 2.5 Dodging
 * Level 2.3 Shields


You had 6 spell levels left.
You didn't know any spells.
Your spell library was empty.

Dungeon Overview and Level Annotations

Branches:
Dungeon (4/15)
 Temple: D:4-7

Altars:
Okawaru

Shops:
D:3 (

Annotations:
D:4 1 runed translucent door, Pikel; yunder69's ghost, amateur MiBe


Innate Abilities, Weirdness & Mutations

Your serpentine skin is tough. (AC +2)
You have supernaturally acute eyesight. (SInv)
Armour fits poorly on your strangely shaped body.
Your system is resistant to poisons. (rPois)
You cover ground very slowly.
You can spit poison.
You have a snake-like lower body.


Message History

You hit Pikel.
Pikel is almost dead.
Pikel says, "I just want to get paid!"
Pikel hits you but does no damage.
You hit Pikel but do no damage.
Pikel is almost dead.
Pikel barely misses you. Pikel hits you but does no damage.
You closely miss Pikel.
Pikel is almost dead.
Pikel says, "All the lords of Hell know my name!"
Pikel hits you but does no damage.
Pikel hits you with a +0 whip of freezing.
* * * LOW HITPOINT WARNING * * *
Pikel freezes you.
* * * LOW HITPOINT WARNING * * *
It was a potion of resistance.
You feel protected. Pikel hits you but does no damage.
It was a potion of curing.
You feel better.
Pikel hits you with a +0 whip of freezing.
* * * LOW HITPOINT WARNING * * *
Pikel freezes you.
* * * LOW HITPOINT WARNING * * *
Pikel hits you with a +0 whip of freezing.
* * * LOW HITPOINT WARNING * * *
You barely miss Pikel.
Pikel is almost dead.
Pikel hits you but does no damage. x2
You hit Pikel.
Pikel is almost dead.
You block Pikel's attack.
You hit Pikel.
Pikel is almost dead.
You hear the rusting of a drain nearby.
Pikel says, "You'll make a fine lemure."
Pikel hits you but does no damage. x2
You hit Pikel but do no damage.
Pikel is almost dead.
Pikel hits you with a +0 whip of freezing.
You die...

#. #.######+
##.....#. ###
###.......#..5.
...........5>
#.....5..#
#######....55#
#......##+##K##
#####......#.) #@.##
...##......#P #...#
##.........######..#
####..####.#.# #..#
####..# #.#.# #..#
#.....####.#.# #..#
##.#........#.###..#
.......#####.#.##..#
###.#..# #..###..#


You could see Pikel and 3 lemures.

Vanquished Creatures
  Sigmund (D:4)
  Blork the orc (D:4)
  A howler monkey (D:4)
  A hound (D:4)
  6 adders
  5 worms
  3 dart slugs
  2 orcs (D:3)
  3 ball pythons (D:3)
  7 endoplasms
  5 giant cockroaches
  9 goblins
  8 hobgoblins
  A quokka (D:3)
  6 bats
  5 frilled lizards
  9 kobolds
  7 rats
80 creatures vanquished.

Vanquished Creatures (others)
  6 fungi (D:1)
  6 plants (D:1)
  A withered plant (D:4)
13 creatures vanquished.

Grand Total: 93 creatures vanquished

Notes
Turn   | Place    | Note
-------+----------+-------------------------------------------
     0 | D:1      | sammy202020 the Naga Berserker began the quest for the Orb.
     0 | D:1      | Reached XP level 1. HP: 21/21 MP: 1/1
   252 | D:1      | Reached XP level 2. HP: 23/28 MP: 2/2
   596 | D:1      | Found a faded altar of an unknown god.
   729 | D:2      | Reached XP level 3. HP: 21/34 MP: 3/3
  1481 | D:2      | Reached ** piety under Trog
  1684 | D:2      | Reached XP level 4. HP: 42/42 MP: 4/4
  1779 | D:2      | Reached skill level 1 in Shields
  2178 | D:3      | Found Suihan's Weapon Emporium.
  2444 | D:3      | Found an iron altar of Okawaru.
  2616 | D:3      | Reached *** piety under Trog
  2665 | D:3      | Reached XP level 5. HP: 37/49 MP: 5/5
  3309 | D:4      | Noticed Sigmund
  3334 | D:4      | Killed Sigmund
  3335 | D:4      | Reached XP level 6. HP: 57/57 MP: 6/6
  3416 | D:4      | Noticed Blork the orc
  3419 | D:4      | Found a runed translucent door.
  3419 | D:4      | Noticed yunder69's ghost (amateur MiBe)
  3419 | D:4      | Noticed Pikel
  3445 | D:4      | Killed Blork the orc
  3446 | D:4      | Reached XP level 7. HP: 42/66 MP: 7/7
  3463 | D:4      | HP: 3/66 [Pikel/+0 whip of freezing (1)]
  3467 | D:4      | Slain by Pikel

Illustrated notes

Levels and vault maps discovered:
D:1:      zelgadis_glass_arrival_small, layout_rooms,
          shapermc_ecumenical_altar_mp_urbaneastern
D:2:      layout_rooms
D:3:      minmay_bubble_buster, layout_rooms, okawaru_gym_becter, serial_shops,
          nicolae_shop_bloodbath_and_beyond, serial_aquarium,
          aquarium_bridge_straight [aquarium_subvault_bridge,
          aquarium_subvault_wall, aquarium_subvault_bridge,
          aquarium_subvault_window], aquarium_window_fake, aquarium_window_fake,
          aquarium_window_fake, aquarium_view_2c, aquarium_view_2c,
          aquarium_pool_S
D:4:      layout_loops_ring, minmay_temple_entry_glassed_door,
          gammafunk_ghost_grave, gup_sewer_entry_bowl, uniq_blork_the_orc,
          uniq_pikel, uniq_sigmund

Skill      XL: |  1  2  3  4  5  6 |
---------------+-------------------+-----
Armour         | 2 3 |  3.1
Dodging        | 2 |  2.5
Shields        | 1 2 |  2.3
Fighting       | 4 |  4.3
Axes           | 4 |  4.4

Action                   |  1- 3 |  4- 6 |  7- 9 || total
-------------------------+-------+-------+-------++-------
Melee: Hand axe          |    54 |   184 |    19 ||   257
       Punch             |     1 |       |       ||     1
Invok: Berserk           |     1 |     2 |       ||     3
       Trog's Hand       |       |     2 |       ||     2
 Abil: Spit Poison       |    20 |    19 |       ||    39
  Use: Potion            |       |       |     2 ||     2
Armor: Animal skin       |    10 |     2 |       ||    12
       Plate armour      |       |   137 |    17 ||   154
Dodge: Dodged            |    32 |    35 |     3 ||    70
Block: Buckler           |       |    38 |     5 ||    43

Table legend: (Time is in decaauts)
 A = Elapsed time spent in this place.
 B = Non-inter-level travel time spent in this place.
 C = Inter-level travel time spent in this place.
 D = Time resting spent in this place.
 E = Time spent auto-exploring this place.
 F = Levels seen in this place.
 G = Mean time per level.
                   A        B        C        D        E       F      G
               +--------+--------+--------+--------+--------+-----+--------+
         Total |   4073 |   4073 |      0 |    402 |   2678 |   4 | 1018.2 |
       Dungeon |   4073 |   4073 |      0 |    402 |   2678 |   4 | 1018.2 |
               +--------+--------+--------+--------+--------+-----+--------+

Top non-repeatable levels by time:
     D:2: 1611 daAuts
     D:3: 1283 daAuts
     D:1: 875 daAuts
     D:4: 303 daAuts
